 Dungeon Crawl Stone Soup version 0.30.0-29-ga12c61a403 (webtiles) character file.

Game seed: 5214716447911450508

904 seaoflcl the Chopper (level 7, 0/61 HPs)
             Began as a Minotaur Fighter on June 7, 2023.
             Slain by a steam dragon (6 damage)
             ... on level 5 of the Dungeon.
             The game lasted 00:04:09 (3833 turns).

seaoflcl the Chopper (Minotaur Fighter)             Turns: 3833, Time: 00:04:11

Health: 0/61       AC: 10    Str: 20 (22) XL:     7   Next: 80%
Magic:  6/6        EV:  7    Int:  4 (5)  God:
Gold:   131        SH:  5    Dex:  9 (10) Spells: 6/6 levels left

rFire   . . .        a - +0 war axe
rCold   . . .        c - +0 buckler
rNeg    . . .        t - +0 chain mail
rPois   .            (helmet restricted)
rElec   .            (no cloak)
rCorr   .            (no gloves)
SInv    .            (no boots)
Will    .....        (no amulet) Stlth
                     y - ring of ice
HPRegen 0.30/turn    p - ring of fire
MPRegen 0.10/turn

%: no passive effects
@: lethally poisoned (0 -> -2)
A: horns 2, retaliatory headbutt
a: no special abilities


You were on level 5 of the Dungeon.
You visited 1 branch of the dungeon, and saw 5 of its levels.

You collected 131 gold pieces.

Inventory:

Hand Weapons
 a - a +0 war axe (weapon)
 m - a +2 vampiric dagger
 s - a +2 dagger of electrocution
Missiles
 d - 3 boomerangs
 f - 7 poisoned darts (quivered)
 v - a throwing net
Armour
 c - a +0 buckler (worn)
 t - a +0 chain mail (worn)
Jewellery
 p - a ring of fire (right hand)
 y - a ring of ice (left hand)
Scrolls
 e - 2 scrolls of teleportation {unknown}
 h - 2 scrolls of identify {unknown}
 i - 2 scrolls of fog {unknown}
 j - 2 scrolls of amnesia {unknown}
 k - a scroll of brand weapon {unknown}
 n - a scroll of enchant weapon {unknown}
 r - a scroll of butterflies {unknown}
 w - a scroll of fear {unknown}
Potions
 b - a potion of ambrosia {unknown}
 g - a potion of degeneration
 l - a potion of lignification {unknown}
 o - a potion of flight {unknown}
 q - a potion of haste {unknown}
 u - 2 potions of curing {unknown}
 x - a potion of attraction {unknown}
 z - a potion of berserk rage {unknown}


   Skills:
 + Level 5.5 Fighting
 * Level 6.6 Axes
 + Level 3.2 Throwing
 + Level 5.6 Armour
 + Level 5.7 Shields


You had 6 spell levels left.
You didn't know any spells.
Your spell library contained the following spells:

 Spells                   Type           Power      Damage    Failure   Level
 Apportation              Tloc           0%         N/A       99%         1
 Necrotise                Necr           0%         1d4       99%         1
 Sandblast                Erth           0%         2d4       99%         1
 Summon Small Mammal      Summ           0%         N/A       99%         1
 Passwall                 Tmut/Erth      0%         N/A       100%        2
 Ozocubu's Armour         Ice            0%         N/A       100%        3
 Stone Arrow              Conj/Erth      0%         3d7       100%        3
 Ozocubu's Refrigeration  Ice            0%         4d7       100%        7


Dungeon Overview and Level Annotations

Branches:
Dungeon (5/15)
 Temple: D:4-7

Altars:
Elyvilon
Nemelex Xobeh


Innate Abilities, Weirdness & Mutations

You have a pair of horns on your head.
You reflexively headbutt those who attack you in melee.


Message History

No reachable target in view!
No reachable target in view!
No reachable target in view!
No reachable target in view!
No reachable target in view!
No reachable target in view!
No reachable target in view!
No reachable target in view!
No reachable target in view!
The scorpion is engulfed in a cloud of scalding steam.
The scorpion is engulfed in a cloud of scalding steam.
You hit the scorpion but do no damage. You headbutt the scorpion.
The scorpion is severely wounded.
The scorpion stings you.
You are poisoned.
The scorpion poisons you!
You closely miss the scorpion.
The scorpion is severely wounded.
You feel very sick. The scorpion stings you.
You slash the scorpion!
You kill the scorpion!
You feel sick.
You hit the steam dragon but do no damage.
Your headbutt misses the steam dragon.
You feel sick. You block the steam dragon's attack.
The steam dragon closely misses you.
You hit the steam dragon.
The steam dragon is lightly wounded.
You feel sick. The steam dragon breathes steam at you.
The ball of steam hits you!
* * * LOW HITPOINT WARNING * * *
You hear a bark! x3
It was a potion of degeneration.
There was something very wrong with that liquid.
You feel weakened.
You feel dopey.
You feel clumsy.
You are engulfed in a cloud of scalding steam.
* * * LOW HITPOINT WARNING * * *
You feel sick. The steam dragon bites you.
You die...

##...## ##.....#
.....(# D....
... #o# #s# #D#
# #@# ##. ##§##
#... ##§§§##
.....#####.....#
.......))......#
.....##)##.....#
#####..
#.###...## ....#
##.#.##### ###.
#####..#.##.#


You could see a steam dragon (catching breath), a scorpion and an orc.

Vanquished Creatures
  An ice beast (D:5)
  An ogre (D:5)
  A phantom (D:4)
  3 scorpions
  A jelly (D:4)
  2 hounds (D:5)
  An orc priest (D:4)
  2 iguanas
  2 orc wizards (D:3)
  6 gnolls
  10 adders
  2 shadow imps (D:5)
  A white imp (D:5)
  An ufetubus (D:5)
  A worm (D:4)
  2 dart slugs (D:1)
  10 orcs
  11 ball pythons
  8 endoplasms
  A giant cockroach (D:4)
  6 goblins
  10 hobgoblins
  2 jackals (D:2)
  4 quokkas
  4 bats
  10 kobolds
  5 rats
108 creatures vanquished.

Notes
Turn   | Place    | Note
-------+----------+-------------------------------------------
     0 | D:1      | seaoflcl the Minotaur Fighter began the quest for the Orb.
     0 | D:1      | Reached XP level 1. HP: 19/19 MP: 0/0
   169 | D:1      | Reached XP level 2. HP: 27/27 MP: 1/1
   196 | D:1      | Reached skill level 3 in Axes
   455 | D:1      | Reached XP level 3. HP: 33/33 MP: 2/2
   985 | D:2      | Reached skill level 1 in Throwing
  1279 | D:2      | Reached XP level 4. HP: 38/40 MP: 3/3
  1631 | D:3      | Reached skill level 4 in Axes
  1810 | D:3      | Reached XP level 5. HP: 17/46 MP: 4/4
  2222 | D:4      | Found a white marble altar of Elyvilon.
  2565 | D:4      | Reached XP level 6. HP: 11/53 MP: 5/5
  2883 | D:4      | Reached skill level 5 in Axes
  2913 | D:4      | Reached skill level 5 in Shields
  3138 | D:4      | Reached skill level 5 in Fighting
  3138 | D:4      | Reached skill level 5 in Armour
  3282 | D:5      | Entered Level 5 of the Dungeon
  3300 | D:5      | Found a sparkling altar of Nemelex Xobeh.
  3423 | D:5      | Reached XP level 7. HP: 46/61 MP: 6/6
  3528 | D:5      | Reached skill level 6 in Axes
  3823 | D:5      | Noticed a steam dragon
  3833 | D:5      | Slain by a steam dragon

Illustrated notes

Levels and vault maps discovered:
D:1:      enne_arrival_octagon_isle, layout_loops_cross, minivault_11
D:2:      layout_loops_cross
D:3:      layout_rooms
D:4:      layout_gridville, nicolae_elyvilon_temple_path
D:5:      minmay_octagon_keep, layout_loops_ring,
          nemelex_xobeh_ov_fountains_minmay, minmay_temple_entry_glassed_door,
          nicolae_shop_gadgets, uniq_prince_ribbit1

Skill      XL: |  1  2  3  4  5  6  7 |
---------------+----------------------+-----
Axes           | 3 4 5 6 |  6.6
Shields        | 4 5 |  5.7
Armour         | 4 5 |  5.6
Fighting       | 4 5 |  5.5
Throwing       | 1 2 3 |  3.2

Action                     |  1- 3 |  4- 6 |  7- 9 || total
---------------------------+-------+-------+-------++-------
  Melee: War axe           |    97 |   138 |    37 ||   272
         Headbutt          |    10 |    21 |     8 ||    39
    Use: Potion            |       |     1 |     1 ||     2
 Armour: Scale mail        |    52 |     3 |       ||    55
         Chain mail        |       |    63 |    19 ||    82
  Dodge: Dodged            |    50 |    56 |    17 ||   123
  Block: Buckler           |    29 |    26 |    15 ||    70
